 Dungeon Crawl Stone Soup version 0.29-a0-322-g68df515428 (webtiles) character file.

Game seed: 8981669950664394854

1522 Essalna the Chopper (level 8, -2/109 HPs)
             Began as a Hill Orc Fighter on Apr 8, 2022.
             Was a Believer of Okawaru.
             Succumbed to dricus's ghost's poison
             ... on level 6 of the Dungeon.
             The game lasted 00:07:36 (3270 turns).

Essalna the Chopper (Hill Orc Fighter)              Turns: 3270, Time: 00:07:36

Health: -2/109     AC:  8    Str: 21    XL:     8   Next: 84%
Magic:  8/8        EV: 10    Int:  8    God:    Okawaru [**....]
Gold:   342        SH:  5    Dex: 10    Spells: 7/7 levels left

rFire   . . .      SeeInvis .   a - +0 war axe
rCold   . . .      Faith    .   c - +0 buckler
rNeg    . . .      Spirit   .   t - +0 troll leather armour
rPois   .          Reflect  .   (no helmet)
rElec   .          Harm     .   n - +2 cloak of the Arena {Regen+}
rCorr   .          Rampage  .   (no gloves)
Will    +....                   (no boots)
Stlth   ..........              f - amulet of regeneration
HPRegen 2.68/turn               j - ring of willpower
MPRegen 0.11/turn               (no ring)

@: berserking, lethally poisoned (-2 -> -8), flying, very quick
A: no striking features
a: Renounce Religion, Heroism


You were on level 6 of the Dungeon.
You worshipped Okawaru.
Okawaru was pleased with you.
You visited 2 branches of the dungeon, and saw 7 of its levels.

You collected 342 gold pieces.

Inventory:

Hand Weapons
 a - a +0 war axe (weapon)
 s - the +8 quarterstaff "Kienouts" {flame, rElec rPois}
   (You found it on level 5 of the Dungeon)

   It burns those it strikes, dealing additional fire damage.
   rElec:     It insulates you from electricity.
   rPois:     It protects you from poison.
Armour
 b - a +0 scale mail
 c - a +0 buckler (worn)
 i - a +0 cloak
 n - the +2 cloak of the Arena (worn) {Regen+}
   (You found it on level 2 of the Dungeon)

   Regen:     It increases your rate of health regeneration.
 t - a +0 troll leather armour (worn)
 w - +0 acid dragon scales
Jewellery
 f - an amulet of regeneration (around neck)
 j - a ring of willpower (left hand)
Wands
 x - a wand of mindburst (24)
 y - a wand of polymorph (4)
Scrolls
 h - 11 scrolls of identify {unknown}
 k - 2 scrolls of blinking
 l - 4 scrolls of teleportation {unknown}
 m - a scroll of magic mapping {unknown}
 r - a scroll of enchant weapon {unknown}
 z - 3 scrolls of acquirement {unknown}
 B - a scroll of noise {unknown}
Potions
 d - a potion of might
 e - a potion of cancellation
 g - 5 potions of flight
 p - a potion of lignification {unknown}
 q - a potion of ambrosia {unknown}
 u - 2 potions of magic {unknown}
 v - a potion of heal wounds {unknown}
 A - a potion of attraction {unknown}


   Skills:
 + Level 7.4 Fighting
 + Level 7.4 Axes
 + Level 6.7 Armour
 + Level 6.7 Shields


You had 7 spell levels left.
You didn't know any spells.
Your spell library contained the following spells:

 Spells                   Type           Power      Damage    Failure   Level
 Shock                    Conj/Air       0%         1d3       54%         1
 Scorch                   Fire           0%         2d5       67%         2
 Swiftness                Air            0%         N/A       88%         3
 Airstrike                Air            0%         N/A       99%         4
 Flame Wave               Conj/Fire      0%         2d4       99%         4
 Summon Cactus Giant      Summ           Unusable   N/A       N/A         6

Dungeon Overview and Level Annotations

Branches:
Dungeon (6/15)             Temple (1/1) D:5

Altars:
Ashenzari
Cheibriados
Fedhas
Kikubaaqudgha
Makhleb
Okawaru
Qazlal
Ru
Trog
Vehumet
Wu Jian
Yredelemnul
Zin

Annotations:
D:6 dricus's ghost, novice GnWn


Message History

* * * LOW HITPOINT WARNING * * *
You feel extremely sick. Dricus's ghost barely misses you.
It was a potion of cancellation.
You feel magically purged.
You feel extremely sick. You block dricus's ghost's attack.
It was a potion of flight.
You feel very buoyant.
You fly up into the air.
You feel very sick. Dricus's ghost hits you.
* * * LOW HITPOINT WARNING * * *
It was a potion of berserk rage.
A red film seems to cover your vision as you go berserk!
You feel yourself moving faster!
You feel mighty!
You feel very sick. Dricus's ghost hits you.
* * * LOW HITPOINT WARNING * * *
You are more poisoned.
You barely miss dricus's ghost.
Dricus's ghost is lightly damaged.
* * * LOW HITPOINT WARNING * * *
You feel very sick.
Dricus's ghost hits you but does no damage.
You are lethally poisoned!
You barely miss dricus's ghost.
Dricus's ghost is lightly damaged.
* * * LOW HITPOINT WARNING * * *
You feel extremely sick. You block dricus's ghost's attack.
You completely miss dricus's ghost.
Dricus's ghost is lightly damaged.
* * * LOW HITPOINT WARNING * * *
You feel very sick.
You are too berserk!
You are too berserk!
You are too berserk!
You closely miss dricus's ghost.
Dricus's ghost is lightly damaged.
You die...

#....# #.
####.# #.#
#.# #.#
#######.#
#.......#
#..#######
#.@W≈≈≈≈$≈
#..#######
#...##
......
###.####
#. #. #.


You could see dricus's ghost.

Vanquished Creatures
  A troll (D:5)
  An acid dragon (D:5)
  An ice beast (D:6)
  An ogre (D:5)
  A centaur (D:4)
  A phantom (D:4)
  A kobold brigand (D:4)
  2 necrophages
  2 bullfrogs
  A gnoll sergeant (D:5)
  3 scorpions
  2 hounds
  2 iguanas (D:5)
  3 gnolls (D:5)
  6 adders
  A shadow imp (D:6)
  3 white imps
  An ufetubus (D:6)
  2 worms
  2 dart slugs
  5 orcs
  6 ball pythons
  11 endoplasms
  4 giant cockroaches
  4 goblins
  4 hobgoblins
  4 jackals (D:4)
  7 kobolds
  3 quokkas
  9 bats
  2 frilled lizards (D:2)
  A rat (D:3)
97 creatures vanquished.

Vanquished Creatures (others)
  A human (D:4)
  10 plants (D:3)
11 creatures vanquished.

Grand Total: 108 creatures vanquished

Notes
Turn   | Place    | Note
-------+----------+-------------------------------------------
     0 | D:1      | Essalna the Hill Orc Fighter began the quest for the Orb.
     0 | D:1      | Reached XP level 1. HP: 19/19 MP: 1/1
   159 | D:1      | Reached XP level 2. HP: 27/27 MP: 2/2
   517 | D:2      | Reached XP level 3. HP: 33/33 MP: 3/3
   632 | D:2      | Identified the +2 cloak of the Arena {Regen+}
  1040 | D:3      | Found a blossoming altar of Fedhas.
  1050 | D:3      | Reached XP level 4. HP: 40/40 MP: 4/4
  1199 | D:3      | Found a faded altar of an unknown god.
  1491 | D:4      | Noticed a necrophage
  1505 | D:4      | Killed a necrophage
  1506 | D:4      | Reached XP level 5. HP: 47/47 MP: 5/5
  1567 | D:4      | Noticed a centaur
  1589 | D:4      | Killed a centaur
  1590 | D:4      | Reached skill level 5 in Fighting
  1590 | D:4      | Reached XP level 6. HP: 56/56 MP: 6/6
  1742 | D:4      | Reached skill level 5 in Axes
  1770 | D:4      | Found a burning altar of Makhleb.
  1772 | D:4      | Found an ancient bone altar of Kikubaaqudgha.
  1883 | D:4      | Reached skill level 5 in Armour
  1883 | D:4      | Reached skill level 5 in Shields
  1883 | D:4      | Reached XP level 7. HP: 61/61 MP: 7/7
  1918 | D:4      | Noticed a human
  1919 | D:4      | Killed a human
  1969 | D:5      | Entered Level 5 of the Dungeon
  1984 | D:5      | Identified the +8 quarterstaff "Kienouts" {flame, rElec
                  | rPois}
  2185 | D:5      | Found a staircase to the Ecumenical Temple.
  2199 | D:5      | Noticed a troll
  2210 | Temple   | Entered the Ecumenical Temple
  2306 | Temple   | Became a worshipper of Warmaster Okawaru
  2330 | D:5      | Killed a troll
  2330 | D:5      | Reached * piety under Okawaru
  2331 | D:5      | Reached XP level 8. HP: 10/71 MP: 8/8
  2376 | D:5      | Found a stormy altar of Qazlal.
  2481 | D:5      | Found a snail-covered altar of Cheibriados.
  3162 | D:6      | Found a bloodstained altar of Trog.
  3230 | D:6      | Found a runed translucent door.
  3235 | D:6      | Noticed dricus's ghost (novice GnWn)
  3253 | D:6      | Reached ** piety under Okawaru
  3268 | D:6      | HP: 4/109 [poisoned by dricus's ghost]
  3269 | D:6      | HP: 1/109 [poisoned by dricus's ghost]
  3270 | D:6      | Succumbed to dricus's ghost's poison

Illustrated notes

Levels and vault maps discovered:
D:1:      dpeg_arrival_pits, layout_rooms
D:2:      wander_river, layout_basic, corexii_hall_statues_t
D:3:      layout_basic, mainiacjoe_overflow_cross_hatched,
          chequers_ecumenical_altar_grove
D:4:      layout_cave_pools, tgw_kikubaaqudgha, bloody_makhleb, minivault_23
D:5:      layout_rooms, slow_altar_1, nicolae_qazlal_scattered_showers,
          minmay_temple_entry_glassed_door, kennysheep_generic_room_13
D:6:      layout_loops_ring, mainiacjoe_overflow_tiny_flanked,
          ebering_ghost_sewer_d, serial_shops, shop
Temple:   nicolae_temple_figure_zero

Skill      XL: |  1  2  3  4  5  6  7  8 |
---------------+-------------------------+-----
Axes           | 3 4 5 6 7 |  7.4
Fighting       | 4 5 6 7 |  7.4
Armour         | 4 5 6 |  6.7
Shields        | 4 5 6 |  6.7

Action                   |  1- 3 |  4- 6 |  7- 9 || total
-------------------------+-------+-------+-------++-------
Melee: War axe           |    66 |   112 |   194 ||   372
  Use: Scroll            |       |       |     2 ||     2
       Potion            |       |       |     4 ||     4
Armor: Scale mail        |    38 |    54 |    27 ||   119
       Troll leather arm |       |       |    53 ||    53
Dodge: Dodged            |    34 |    68 |    95 ||   197
Block: Buckler           |    18 |    32 |    47 ||    97

Table legend: (Time is in decaauts)
 A = Elapsed time spent in this place.
 B = Non-inter-level travel time spent in this place.
 C = Inter-level travel time spent in this place.
 D = Time resting spent in this place.
 E = Time spent auto-exploring this place.
 F = Levels seen in this place.
 G = Mean time per level.
                   A        B        C        D        E       F      G
               +--------+--------+--------+--------+--------+-----+--------+
         Total |   3386 |   3260 |    126 |      4 |   2364 |   7 |  483.7 |
       Dungeon |   3275 |   3168 |    107 |      4 |   2278 |   6 |  545.8 |
        Temple |    110 |     91 |     19 |      0 |     86 |   1 |  110.0 |
               +--------+--------+--------+--------+--------+-----+--------+

Top non-repeatable levels by time:
     D:5: 812 daAuts
     D:2: 637 daAuts
     D:3: 550 daAuts
     D:4: 549 daAuts
     D:6: 374 daAuts
     D:1: 351 daAuts
  Temple: 110 daAuts
